 Dungeon Sprint DCSS version 0.24-a0-249-g2af7e83 (webtiles) character file.

Game seed: 3393556093457922989

55181007 MikeHunt the Ninja (level 19, 99/99 HPs)
             Began as a Felid Necromancer on Apr 13, 2019.
             Was the Champion of Nemelex Xobeh.
             Escaped with the Orb
             ... and 10 runes!
             The game lasted 02:07:29 (11477 turns).

MikeHunt the Ninja (Felid Necromancer)             Turns: 11477, Time: 02:07:30

Health: 99/99      AC:  5    Str:  6    XL:     19   Next: 24%
Magic:  45/45      EV: 48    Int: 21    God:    Nemelex Xobeh [******]
Gold:   256        SH:  0    Dex: 20    Spells: 16/60 levels left
                                        Lives:  2   Deaths: 3

rFire    . . .     SeeInvis +     - Unarmed
rCold    + + .     Gourm    .   (shield unavailable)
rNeg     . . .     Faith    .   (armour unavailable)
rPois    .         Spirit   .   (helmet unavailable)
rElec    .         Reflect  .   (cloak unavailable)
rCorr    .         Harm     .   (gloves unavailable)
MR       ++...     NoTele   +   (boots unavailable)
Stlth    ++++......             G - amulet of magic regeneration
HPRegen  0.26/turn              d - ring of Phasing {EV+8}
MPRegen  0.54/turn              N - ring of protection from cold

@: very slightly contaminated, quick
A: very small, no armour, no weapons or thrown items, stealth, claws 1, fangs 3,
molten scales 1, see invisible, blink, carnivore, deterioration 2, speed 1,
frail 1, screaming 1, shaggy fur 3, slow metabolism 1, strong 1, MP-powered
wands, sharp paws
0: Orb of Zot
}: 10/10 runes: serpentine, barnacled, slimy, silver, golden, iron, obsidian,
icy, bone, demonic
a: Blink, Draw Escape, Draw Destruction, Draw Summoning, Draw Stack, Triple
Draw, Deal Four, Stack Five, Renounce Religion


You escaped.
You worshipped Nemelex Xobeh.
Nemelex Xobeh was exalted by your worship.
You were very full.

You visited 1 branch You collected 8162 gold pieces.
You spent 7906 gold pieces at shops.

Inventory:

Jewellery
 d - the ring of Phasing (left paw) {EV+8}
   (You took it off a guardian mummy in the Dungeon)

   [ring of evasion]

   It affects your evasion (+8).
 e - the ring "Qeggyeth" {Ice +Fly SInv}
   (You found it in the Dungeon)

   [ring of ice]

   It enhances your ice magic.
   It makes you vulnerable to fire.
   It protects you from cold.
   It lets you see invisible.
   It lets you fly.
 r - the ring "Xudis" {rElec rPois Int+6}
   (You bought it in a shop in the Dungeon)

   [ring of poison resistance]

   It affects your intelligence (+6).
   It insulates you from electricity.
   It protects you from poison.
 s - the ring of Qeuwk {+Blink MP+9 Int+3 Dex+6}
   (You bought it in a shop in the Dungeon)

   [ring of magical power]

   It affects your intelligence (+3).
   It affects your dexterity (+6).
   It affects your magic capacity (+9).
   It lets you blink.
 v - an uncursed ring of positive energy
 A - an uncursed ring of protection from fire
 C - the ring "Nyarach" {rCorr Int+3}
   (You took it off a vault guard in the Dungeon)

   [ring of resist corrosion]

   It affects your intelligence (+3).
 D - the ring "Jauggyth" {*Corrode rElec AC+3 Str+2 Dex+4}
   (You found it in the Dungeon)

   [ring of protection]

   It affects your AC (+3).
   It affects your strength (+2).
   It affects your dexterity (+4).
   It insulates you from electricity.
   It may corrode you when you take damage.
 E - an uncursed ring of positive energy
 F - an uncursed ring of flight
 G - an amulet of magic regeneration (around neck)
 I - the ring of Myxzim {EV+2 Int+5}
   (You took it off a deep elf high priest in the Dungeon)

   [ring of evasion]

   It affects your evasion (+2).
   It affects your intelligence (+5).
 L - an uncursed ring of ice
 N - a ring of protection from cold (right paw)
Wands
 a - a wand of disintegration (28)
 u - a wand of polymorph (18)
 w - a wand of iceblast (10)
 z - a wand of digging (3)
 M - a wand of paralysis (8)
 P - a wand of scattershot (5)
Scrolls
 k - a scroll of fear
 n - 4 scrolls of remove curse
 t - 11 scrolls of identify
 B - a scroll of acquirement
 H - 5 scrolls of enchant armour
 J - 4 scrolls of amnesia
 Q - 2 scrolls of fog
Potions
 c - 7 potions of curing
 f - 5 potions of magic
 g - 7 potions of agility
 h - 10 potions of heal wounds
 l - a potion of flight
 p - 5 potions of mutation
 R - a potion of cancellation
 S - 5 potions of haste
 T - a potion of brilliance
 U - a potion of invisibility
 V - 3 potions of resistance
Miscellaneous
 j - a crystal ball of energy
 o - a fan of gales
 q - a lightning rod (4/4)
 x - a lamp of fire
 y - a phial of floods
 K - 2 phantom mirrors
 O - the horn of Geryon
 W - 2 sacks of spiders
Comestibles
 b - 22 rations


   Skills:
 + Level 25.3 Fighting
 O Level 27 Dodging
 O Level 27 Stealth
 + Level 25.6 Unarmed Combat
 - Level 21.1 Spellcasting
 - Level 11.8 Charms
 - Level 15.4 Summonings
 - Level 24.8 Necromancy
 - Level 23.5 Translocations
 - Level 15.4 Transmutations
 - Level 13.3 Earth Magic
 + Level 23.2 Invocations
 - Level 19.2 Evocations


You had 16 spell levels left.
You knew the following spells:

 Your Spells              Type           Power        Failure   Level  Hunger
a - Apportation           Tloc           ######       0%          1    None
b - Regeneration          Chrm/Necr      #######...   0%          3    None
c - Gell's Gravitas       Tloc           #######...   0%          3    None
d - Vampiric Draining     Necr           #######...   0%          3    None
e - Malign Gateway        Summ/Tloc      #######...   1%          7    #####..
g - Statue Form           Tmut/Erth      ######...    1%          6    ###....
q - Controlled Blink      Tloc           N/A          1%          8    ######.
w - Animate Dead          Necr           N/A          0%          4    None
z - Animate Skeleton      Necr           N/A          0%          1    None
L - Borgnjor's Revivific  Necr           #######...   1%          8    ######.

Your spell library contained the following spells:

 Spells                   Type           Power        Failure   Level  Hunger
 Beastly Appendage        Tmut           ######       0%          1    None
 Pain                     Necr           ####         0%          1    None
 Sandblast                Erth           ######       0%          1    None
 Summon Small Mammal      Summ           ####         0%          1    None
 Blink                    Tloc           N/A          0%          2    None
 Corpse Rot               Necr           N/A          0%          2    None
 Passwall                 Tmut/Erth      ######..     0%          2    None
 Shroud of Golubria       Chrm/Tloc      #######...   0%          2    None
 Sticks to Snakes         Tmut           ######..     0%          2    None
 Sublimation of Blood     Necr           #######...   0%          2    None
 Lesser Beckoning         Tloc           #######...   0%          3    None
 Recall                   Summ/Tloc      N/A          0%          3    None
 Teleport Other           Tloc           #######.     0%          3    None
 Agony                    Necr           #######.     0%          5    None
 Dispel Undead            Necr           #######.     0%          5    None
 Death Channel            Necr           #######...   0%          6    ###....
 Confusing Touch          Hex            ###...       1%          1    None
 Corona                   Hex            ###....      1%          1    None
 Freeze                   Ice            ###.         1%          1    None
 Ozocubu's Armour         Chrm/Ice       #####...     1%          3    None
 Spider Form              Tmut/Pois      ######....   1%          3    None
 Force Lance              Conj/Tloc      ######..     1%          4    None
 Ice Form                 Ice/Tmut       ######..     1%          4    None
 Leda's Liquefaction      Hex/Erth       ######....   1%          4    None
 Petrify                  Tmut/Erth      ######..     1%          4    None
 Summon Ice Beast         Ice/Summ       ######..     1%          4    None
 Blade Hands              Tmut           ######....   1%          5    None
 Bolt of Draining         Conj/Necr      ######....   1%          5    None
 Borgnjor's Vile Clutch   Necr/Erth      #######...   1%          5    None
 Dispersal                Tloc           #######...   1%          6    ###....
 Shadow Creatures         Summ           N/A          1%          6    ###....
 Simulacrum               Ice/Necr       ######....   1%          6    ###....
 Haunt                    Necr/Summ      #######...   1%          7    #####..
 Disjunction              Tloc           #######...   1%          8    ######.
 Infestation              Necr           #######...   1%          8    ######.
 Irradiate                Conj/Tmut      ######....   2%          5    None
 Yara's Violent Unravell  Hex/Tmut       ######....   2%          5    None
 Ensorcelled Hibernation  Hex/Ice        ###...       3%          2    None
 Slow                     Hex            ###.....     3%          2    None
 Throw Frost              Conj/Ice       ###...       3%          2    None
 Monstrous Menagerie      Summ           ######....   3%          7    #####..
 Summon Greater Demon     Summ           ######....   3%          7    #####..
 Necromutation            Tmut/Necr      #######...   3%          8    ######.
 Confuse                  Hex            ###.....     6%          3    None
 Inner Flame              Hex/Fire       ###.....     6%          3    None
 Mephitic Cloud           Conj/Pois/Air  ###.....     6%          3    None
 Death's Door             Chrm/Necr      #######...   8%          8    ######.
 Cause Fear               Hex            ###.......   21%         4    None
 Olgreb's Toxic Radiance  Pois           ###.....     21%         4    None
 Throw Icicle             Conj/Ice       ###.....     21%         4    None
 Summon Horrible Things   Summ           ######....   24%         8    ######.
 Metabolic Englaciation   Hex/Ice        ###.......   50%         5    None
 Silence                  Hex/Air        ###.......   50%         5    None
 Darkness                 Hex            ###.......   97%         6    ###....
 Ozocubu's Refrigeration  Ice            ###.......   97%         6    ###....
 Passage of Golubria      Tloc           Unusable     N/A         4    N/A
 Portal Projectile        Hex/Tloc       Unusable     N/A         3    N/A
 Excruciating Wounds      Chrm/Necr      Unusable     N/A         5    N/A

Dungeon Overview and Level Annotations

Branches:
Dungeon (1/1)

Altars:
Cheibriados
Dithmenos
Elyvilon
Fedhas
Gozag
Hepliaklqana
Kikubaaqudgha
Makhleb
Nemelex Xobeh
Okawaru
Qazlal
Ru
Sif Muna
Trog
Uskayaw
Vehumet
Wu Jian
Xom
Yredelemnul
Zin
The Shining One
Beogh
Jiyva
Lugonu

Shops:
D %[=?[?}%}%}}(}?%:::*=[!=


Innate Abilities, Weirdness & Mutations

You cannot wear armour.
You are incapable of wielding weapons or throwing items.
Your paws allow you to move quietly. (Stealth)
You have sharp claws.
You have razor-sharp teeth.
You have supernaturally acute eyesight. (SInv)
You are carnivorous and can eat meat at any time.
You cover ground quickly.
Your thick and shaggy fur keeps you warm. (AC +3, rC+)
You have a slow metabolism.
Your sharp claws are effective at attacking unaware monsters.
You are partially covered in molten scales. (AC +2)
You can translocate small distances at will.
Your body often deteriorates upon taking damage.
You are frail. (-10% HP)
You occasionally shout uncontrollably at your foes.
Your muscles are strong. (Str +2)
You expend magic power (3 MP) to strengthen your wands.


Message History

a +0 plate armour; a +0 mace You see here a +0 leather armour.
Things that are here:
a cursed +0 plate armour; a +0 mace of protection
There is a fountain of clear blue water here.
There is an open door to the Ecumenical Temple here.
Your transformation is almost over.
You revert to your normal fleshy form.
You open the door.
There is an open door here.
There is an open door here.
You pounce on the helpless water elemental from behind!
You eviscerate the water elemental!!!!
You destroy the water elemental!
No target in view!
No target in view!
There is an open door here.
There is a staircase leading out of the dungeon here.
You can't go down here!
You have escaped!

▓▓▓▓▓▓▓▓▓▓▓▓▓ ▓▓
▓@.#..'.....♣ ♣.
▓..#..#....♣♣♣ ♣.
▓#'####......♣ ♣.
▓.....#....≈.♣♣ ♣.
▓.....#...≈≈..♣ ♣.
▓.....#..≈≈≈≈♣♣♣♣.
▓####'#..≈≈≈≈≈≈♣♣.
▓.....#.≈≈≈≈≈≈....
▓.....#.≈≈≈≈≈.....


There were no monsters in sight!

Vanquished Creatures
  2 pandemonium lords (D)
  Antaeus (D)
  Gloorx Vloq (D)
  the Serpent of Hell (D)
  Tiamat (D)
  Dispater (D)
  An orb of fire (D)
  An ancient lich (D)
  Mennas (D)
  Sojobo (D)
  Boris (D)
  10 greater mummies (D)
  A Killer Klown (D)
  Geryon (D)
  Nikola (D)
  A hellephant (D)
  A Brimstone Fiend (D)
  5 Ice Fiends (D)
  3 Hell Sentinels (D)
  Rupert (D)
  2 liches (D)
  A deep elf master archer (D)
  3 Orb Guardians (D)
  A titan (D)
  Murray (D)
  A quicksilver dragon (D)
  8 acid blobs (D)
  An Executioner (D)
  An ancient champion (D)
  2 sphinxes (D)
  Harold (D)
  Chuck (D)
  A kraken (D)
  Gastronok (D)
  2 shadow dragons (D)
  A draconian knight (D)
  An iron dragon (D)
  10 azure jellies (D)
  2 storm dragons (D)
  2 fire giants (D)
  3 ghost moths (D)
  2 frost giants (D)
  An emperor scorpion (D)
  2 draconian stormcallers (D)
  A reaper (D)
  2 vampire knights (D)
  3 war gargoyles (D)
  3 stone giants (D)
  Nessos (D)
  2 deep elf demonologists (D)
  Azrael (D)
  A yellow draconian (D)
  A dire elephant (D)
  2 fire dragons (D)
  7 death oozes (D)
  A deep elf death mage (D)
  12 mummy priests (D)
  Josephine (D)
  A deep elf high priest (D)
  6 yaktaur captains (D)
  A hydra (D)
  A hell beast (D)
  14 vault guards (D)
  2 alligator snapping turtles (D)
  2 anacondas (D)
  3 centaur warriors (D)
  An alligator (D)
  4 dancing weapons (D)
  A queen ant (D)
  2 iron elementals (D)
  4 orc high priests (D)
  4 death yaks (D)
  Urug (D)
  An ogre mage (D)
  2 sun demons (D)
  A titan zombie (D)
  A deep elf knight (D)
  An iron troll (D)
  2 iron golems (D)
  2 sixfirhies (D)
  A shadow wraith (D)
  5 skeletal warriors (D)
  4 hell knights (D)
  A spriggan druid (D)
  2 spectral iron dragons (D)
  An unseen horror (D)
  3 kraken simulacra (D)
  A death drake (shapeshifter) (D)
  A glowing orange brain (D)
  A deep troll (shapeshifter) (D)
  2 obsidian statues (D)
  A lindwurm (D)
  A glowing orange brain (shapeshifter) (D)
  An orange crystal statue (D)
  Joseph (D)
  3 shining eyes (D)
  6 deep elf magi (D)
  7 ugly things (D)
  7 statues (D)
  4 crystal guardians (D)
  2 oklob plants (D)
  A moth of wrath (D)
  2 elephants (D)
  A guardian serpent (D)
  4 black mambas (D)
  3 rust devils (D)
  2 spiny frogs (D)
  A molten gargoyle (D)
  8 yaktaurs (D)
  A rime drake (D)
  A komodo dragon (D)
  28 guardian mummies (D)
  2 ice devils (D)
  4 spriggan defenders (D)
  A queen bee (D)
  2 tyrant leeches (D)
  A blink frog (shapeshifter) (D)
  3 hornets (D)
  5 slime creatures (D)
  8 blink frogs (D)
  4 snapping turtles (D)
  2 wandering mushrooms (D)
  4 redbacks (D)
  9 shadows (D)
  A redback (shapeshifter) (D)
  2 spriggans (D)
  A yak (D)
  A neqoxec (D)
  A naga (shapeshifter) (D)
  2 iron troll simulacra (D)
  4 water moccasins (D)
  A spatial vortex (D)
  3 hydra simulacra (D)
  4 floating eyes (D)
  A swamp drake (D)
  2 orc warriors (D)
  2 centaurs (D)
  A necrophage (D)
  2 ogres (D)
  An earth elemental (D)
  A water elemental (D)
  A scorpion (D)
  32 killer bees (D)
  An electric eel (D)
  10 quasits (D)
  A jelly (D)
  5 orc priests (D)
  2 orc wizards (D)
  2 necromancers (D)
  A wizard (D)
  A kobold demonologist (D)
  3 humans (D)
  3 adders (D)
  An ooze (D)
  6 orcs (D)
  A frilled lizard (D)
  3 rats (D)
  3 ballistomycetes (D)
  7 bushes (D)
  3 butterflies (D)
  18 plants (D)
  2 tentacles (D)
470 creatures vanquished.

Vanquished Creatures (collateral kills)
  Nellie (D)
  An iron giant (D)
  A quicksilver dragon (D)
  2 acid blobs (D)
  Roxanne (D)
  An azure jelly (D)
  A nagaraja (D)
  A war gargoyle (D)
  A spark wasp (D)
  A death ooze (D)
  A hell beast (D)
  An orc high priest (D)
  A deep elf knight (D)
  A soul eater (D)
  A statue (D)
  A black mamba (D)
  2 slime creatures (D)
  2 water moccasins (D)
  A wandering mushroom (D)
  An orc (D)
  A butterfly (D)
24 creatures vanquished.

Vanquished Creatures (others)
  the Royal Jelly (D)
  An eldritch tentacle (D)
  A frost giant (D)
  2 draconian stormcallers (D)
  2 draconian scorchers (D)
  A great orb of eyes (D)
  A vault guard (D)
  A sun demon (D)
  A skeletal warrior (D)
  A death drake (D)
  An infernal demonspawn (D)
  6 hellions (D)
  3 yaktaurs (D)
  A red devil (D)
  A golden eye (D)
  A chaos spawn (D)
  A neqoxec (D)
  A small abomination (D)
  5 ball lightnings (D)
  2 ballistomycetes (D)
  5 ballistomycete spores (D)
  A bush (D)
  2 fungi (D)
  15 plants (D)
  10 tentacles (D)
67 creatures vanquished.

Grand Total: 561 creatures vanquished

Notes
Turn   | Place    | Note
-------+----------+-------------------------------------------
     0 | D        | MikeHunt the Felid Necromancer began the quest for the Orb.
     0 | D        | Reached XP level 1. HP: 7/7 MP: 4/4
    99 | D        | Killed a yaktaur
   115 | D        | Killed a hellion
   116 | D        | Killed a hellion
   140 | D        | Killed a hellion
   141 | D        | Killed a hellion
   141 | D        | Killed a hellion
   146 | D        | Killed a white draconian scorcher
   169 | D        | Killed a hellion
   183 | D        | Learned a level 1 spell: Animate Skeleton
   189 | D        | Killed a white draconian scorcher
   299 | D        | Noticed a scorpion
   564 | D        | Killed a scorpion
   564 | D        | Reached skill level 5 in Spellcasting
   564 | D        | Reached XP level 2. HP: 6/11 MP: 3/9
   564 | D        | Reached XP level 3. HP: 7/14 MP: 3/11
   570 | D        | Learned a level 3 spell: Vampiric Draining
   636 | D        | Gained mutation: You are partially covered in molten
                  | scales. (AC +2) [potion of mutation]
   636 | D        | Gained mutation: Your muscles are strong. (Str +2) [potion
                  | of mutation]
   636 | D        | Gained mutation: You can translocate small distances at
                  | will. [potion of mutation]
   723 | D        | Reached skill level 1 in Unarmed Combat
   723 | D        | Reached XP level 4. HP: 10/18 MP: 7/12
   871 | D        | Noticed a water elemental
  1093 | D        | Reached skill level 5 in Stealth
  1102 | D        | Found a hide-covered altar of Uskayaw.
  1102 | D        | Found an iron altar of Okawaru.
  1103 | D        | Found a roughly hewn altar of Beogh.
  1103 | D        | Found a bloodstained altar of Trog.
  1103 | D        | Found an ornate altar of the Wu Jian Council.
  1103 | D        | Noticed a human
  1103 | D        | Noticed a human
  1112 | D        | Killed a human
  1112 | D        | Reached XP level 5. HP: 7/21 MP: 3/14
  1137 | D        | Killed a human
  1137 | D        | Gained mutation: You are covered in thick fur. (AC +2)
                  | [Felid growth]
  1137 | D        | Reached XP level 6. HP: 8/24 MP: 1/15
  1295 | D        | Noticed a shadow
  1297 | D        | Killed a shadow
  1297 | D        | Reached XP level 7. HP: 21/27 MP: 16/16
  1301 | D        | Found a blossoming altar of Fedhas.
  1301 | D        | Found a stormy altar of Qazlal.
  1302 | D        | Found a snail-covered altar of Cheibriados.
  1302 | D        | Found a burning altar of Makhleb.
  1302 | D        | Found a hazy altar of Hepliaklqana.
  1302 | D        | Found a shimmering altar of Xom.
  1302 | D        | Found an opulent altar of Gozag.
  1302 | D        | Found a sparkling altar of Nemelex Xobeh.
  1302 | D        | Found a corrupted altar of Lugonu.
  1302 | D        | Found a viscous altar of Jiyva.
  1302 | D        | Noticed a spatial vortex
  1306 | D        | Killed a spatial vortex
  1307 | D        | Became a worshipper of Nemelex Xobeh the Trickster
  1328 | D        | Found a radiant altar of Vehumet.
  1329 | D        | Found a deep blue altar of Sif Muna.
  1329 | D        | Found an ancient bone altar of Kikubaaqudgha.
  1329 | D        | Received a gift from Nemelex Xobeh
  1332 | D        | Noticed an ice devil
  1334 | D        | Reached skill level 10 in Unarmed Combat
  1334 | D        | Reached skill level 1 in Invocations
  1528 | D        | Found a glowing silver altar of Zin.
  1529 | D        | Found a glowing golden altar of the Shining One.
  1529 | D        | Found a white marble altar of Elyvilon.
  1529 | D        | Noticed a deep elf mage
  1535 | D        | Killed a deep elf mage
  1535 | D        | Reached skill level 15 in Stealth
  1535 | D        | Reached skill level 5 in Invocations
  1535 | D        | Reached XP level 8. HP: 31/31 MP: 17/17
  1674 | D        | Found a shadowy altar of Dithmenos.
  1675 | D        | Found a basalt altar of Yredelemnul.
  1675 | D        | Found a sacrificial altar of Ru.
  1680 | D        | Reached skill level 1 in Fighting
  1717 | D        | Noticed Josephine
  1720 | D        | Killed Josephine
  1720 | D        | Reached skill level 5 in Fighting
  1726 | D        | Noticed an orc high priest
  1738 | D        | Killed an orc high priest
  1738 | D        | Reached XP level 9. HP: 40/42 MP: 18/18
  1746 | D        | Noticed an orc high priest
  1747 | D        | Noticed an orc high priest
  1781 | D        | Learned a level 3 spell: Regeneration
  1938 | D        | Killed an orc high priest
  1959 | D        | Found Qaluc's Magic Scroll Shop.
  1967 | D        | Noticed an orange demon
  1970 | D        | Killed an orc high priest
  2008 | D        | Reached * piety under Nemelex Xobeh
  2012 | D        | Noticed a centaur warrior
  2016 | D        | Killed a centaur warrior
  2016 | D        | Reached XP level 10. HP: 40/46 MP: 19/19
  2026 | D        | Received a gift from Nemelex Xobeh
  2028 | D        | Noticed an unseen horror
  2029 | D        | Killed an unseen horror
  2034 | D        | Reached ** piety under Nemelex Xobeh
  2108 | D        | Noticed a spiny frog
  2108 | D        | Noticed a spiny frog
  2128 | D        | Killed a spiny frog
  2136 | D        | Killed a spiny frog
  2296 | D        | Reached skill level 10 in Invocations
  2304 | D        | Reached skill level 10 in Dodging
  2373 | D        | Noticed a lindwurm
  2375 | D        | Received a gift from Nemelex Xobeh
  2376 | D        | Killed a lindwurm
  2378 | D        | Reached XP level 11. HP: 51/51 MP: 13/20
  2384 | D        | Noticed Urug
  2386 | D        | Killed Urug
  2394 | D        | Reached *** piety under Nemelex Xobeh
  2394 | D        | Received a gift from Nemelex Xobeh
  2394 | D        | Noticed an eight-headed hydra
  2394 | D        | Noticed a four-headed hydra
  2399 | D        | Noticed a fire dragon
  2399 | D        | an eight-headed hydra changed into a fire dragon
  2399 | D        | Noticed a death drake
  2526 | D        | Killed a death drake
  2588 | D        | Noticed an alligator
  2588 | D        | a four-headed hydra changed into an alligator
  2602 | D        | Killed an alligator
  2633 | D        | Killed a fire dragon
  2678 | D        | Found a blossoming altar of Fedhas.
  2678 | D        | Noticed a spriggan druid
  2693 | D        | Killed a spriggan druid
  2693 | D        | Paralysed by a spriggan for 6 turns
  2790 | D        | Received a gift from Nemelex Xobeh
  2791 | D        | Noticed a kraken
  2823 | D        | Noticed an alligator snapping turtle
  2825 | D        | Noticed an alligator snapping turtle
  2826 | D        | Killed a kraken
  2826 | D        | Reached skill level 5 in Evocations
  2892 | D        | Killed an alligator snapping turtle
  3094 | D        | Received a gift from Nemelex Xobeh
  3094 | D        | Reached **** piety under Nemelex Xobeh
  3141 | D        | Reached skill level 15 in Unarmed Combat
  3250 | D        | Received a gift from Nemelex Xobeh
  3250 | D        | Noticed a dire elephant
  3250 | D        | Noticed a dire elephant
  3250 | D        | Noticed Gastronok
  3296 | D        | Noticed a five-headed hydra
  3296 | D        | a dire elephant changed into a five-headed hydra
  3299 | D        | Killed a five-headed hydra
  3310 | D        | Killed a dire elephant
  3310 | D        | Gained mutation: Your thick and shaggy fur keeps you warm.
                  | (AC +3, rC+) [Felid growth]
  3310 | D        | Reached XP level 12. HP: 40/58 MP: 18/21
  3338 | D        | Learned a level 3 spell: Gell's Gravitas
  3342 | D        | Killed Gastronok
  3363 | D        | Noticed an azure jelly
  3363 | D        | Noticed an azure jelly
  3363 | D        | Noticed an azure jelly
  3364 | D        | Noticed Rupert
  3364 | D        | Noticed an azure jelly
  3379 | D        | HP: 2/58 [Rupert/+0 battleaxe of chopping (34)]
  3379 | D        | Slain by Rupert
  3380 | D        | Reached XP level 11. HP: -5/54 MP: 12/20
  3384 | D        | Killed Rupert
  3384 | D        | Reached skill level 10 in Translocations
  3433 | D        | Received a gift from Nemelex Xobeh
  3436 | D        | Reached skill level 10 in Fighting
  3772 | D        | Reached ***** piety under Nemelex Xobeh
  3772 | D        | Noticed a deep elf mage
  3772 | D        | Noticed a deep elf knight
  3772 | D        | Noticed a deep elf mage
  3772 | D        | Noticed a deep elf mage
  3772 | D        | Noticed a deep elf knight
  3773 | D        | Received a gift from Nemelex Xobeh
  3788 | D        | Killed a deep elf knight
  3793 | D        | a deep elf knight changed into a snapping turtle
  3807 | D        | Killed a deep elf mage
  3827 | D        | Killed a deep elf mage
  3841 | D        | Killed a deep elf mage
  3942 | D        | Killed an alligator snapping turtle
  3946 | D        | Found Cudiegamn's Magic Scroll Emporium.
  3946 | D        | Found Higicys's Antique Armour Shop.
  3946 | D        | Found Seuhaoqo's Gadget Boutique.
  3955 | D        | Got a barnacled rune of Zot
  3963 | D        | Bought a wand of acid (10) for 308 gold pieces
  3963 | D        | Bought a wand of acid (9) for 286 gold pieces
  3963 | D        | Bought a wand of scattershot (5) for 297 gold pieces
  4031 | D        | Received a gift from Nemelex Xobeh
  4031 | D        | Noticed a death yak
  4032 | D        | Noticed a death yak
  4039 | D        | Reached XP level 12. HP: 57/60 MP: 21/21
  4040 | D        | Killed a death yak
  4040 | D        | Reached skill level 15 in Dodging
  4041 | D        | Killed a death yak
  4043 | D        | Noticed a death yak
  4045 | D        | Noticed a death yak
  4061 | D        | Killed a death yak
  4065 | D        | Killed a death yak
  4187 | D        | Received a gift from Nemelex Xobeh
  4224 | D        | Learned a level 4 spell: Animate Dead
  4240 | D        | Received a gift from Nemelex Xobeh
  4241 | D        | Noticed an anaconda
  4241 | D        | Noticed an anaconda
  4242 | D        | Killed an anaconda
  4262 | D        | Killed an anaconda
  4268 | D        | Reached skill level 10 in Necromancy
  4313 | D        | Received a gift from Nemelex Xobeh
  4316 | D        | Noticed a naga warrior
  4316 | D        | Noticed a nagaraja
  4329 | D        | Killed a nagaraja
  4334 | D        | a naga warrior changed into a redback
  4348 | D        | Found Piosar's Food Boutique.
  4348 | D        | Found Caix's Antique Armour Emporium.
  4352 | D        | Found Ylis's Jewellery Shop.
  4355 | D        | Received a gift from Nemelex Xobeh
  4357 | D        | Bought the ring "Xudis" {rElec rPois Int+6} for 605 gold
                  | pieces
  4357 | D        | Bought the ring of Qeuwk {+Blink MP+9 Int+3 Dex+6} for 687
                  | gold pieces
  4359 | D        | Reached ****** piety under Nemelex Xobeh
  4371 | D        | Got a serpentine rune of Zot
  4477 | D        | Noticed Harold
  4477 | D        | Noticed Joseph
  4481 | D        | Killed Joseph
  4482 | D        | Killed Harold
  4511 | D        | Received a gift from Nemelex Xobeh
  4528 | D        | Received a gift from Nemelex Xobeh
  4589 | D        | Received a gift from Nemelex Xobeh
  4594 | D        | Reached XP level 13. HP: 49/65 MP: 22/22
  4612 | D        | Found Niss's Book Emporium.
  4612 | D        | Found Wuejar's General Store.
  4612 | D        | Found Usheump's Food Boutique.
  4612 | D        | Found Gubu's Jewellery Shoppe.
  4612 | D        | Received a gift from Nemelex Xobeh
  4612 | D        | Found Okhal's Book Boutique.
  4612 | D        | Found Teaclur's Book Emporium.
  4612 | D        | Found Tasoanai's Magic Scroll Shoppe.
  4612 | D        | Found Tomocloe's Distillery.
  4612 | D        | Found Kaohun's Gadget Shop.
  4612 | D        | Found Sudghos's Antique Armour Emporium.
  4612 | D        | Found Duxzui's Antique Weapon Emporium.
  4612 | D        | Found Nimuturgh's Jewellery Boutique.
  4674 | D        | Received a gift from Nemelex Xobeh
  4732 | D        | Received a gift from Nemelex Xobeh
  4733 | D        | Noticed a mummy priest
  4744 | D        | Noticed Boris
  4777 | D        | Killed Boris
  4798 | D        | Noticed Mennas
  4909 | D        | Received a gift from Nemelex Xobeh
  4915 | D        | Found Qocuudum's Gadget Emporium.
  4915 | D        | Found Luvinomn's Gadget Shop.
  4915 | D        | Found Tommutoim's Food Shop.
  4915 | D        | Found Fasti's Gadget Shoppe.
  4925 | D        | Identified Roxanne's Guide on Shape Shifting
  4925 | D        | Noticed Roxanne
  4926 | D        | Received a gift from Nemelex Xobeh
  4949 | D        | Killed Roxanne
  4949 | D        | Reached skill level 15 in Invocations
  4959 | D        | Learned a level 6 spell: Statue Form
  4966 | D        | Found Areseguf's Food Boutique.
  4966 | D        | Received a gift from Nemelex Xobeh
  4967 | D        | Mangled by an iron troll simulacrum
  4968 | D        | Reached XP level 12. HP: -7/61 MP: 33/33
  4990 | D        | Reached skill level 1 in Transmutations
  4990 | D        | Reached skill level 1 in Earth Magic
  5024 | D        | Killed a mummy priest
  5139 | D        | Received a gift from Nemelex Xobeh
  5178 | D        | Reached skill level 10 in Evocations
  5244 | D        | Noticed Mara
  5244 | D        | Noticed a vampire knight
  5249 | D        | Killed a vampire knight
  5249 | D        | Reached skill level 5 in Transmutations
  5249 | D        | Noticed a vampire knight
  5251 | D        | Noticed Mara
  5251 | D        | Mara changed into Mara the doom hound
  5251 | D        | Noticed Mara
  5251 | D        | Mara changed into Mara the hellephant
  5252 | D        | Noticed MikeHunt's illusion
  5282 | D        | Paralysed by a vampire knight for 4 turns
  5299 | D        | Killed a vampire knight
  5299 | D        | Reached skill level 5 in Earth Magic
  5387 | D        | Noticed Nikola
  5408 | D        | Killed Mara the hellephant
  5408 | D        | Reached XP level 13. HP: 48/65 MP: 25/25
  5426 | D        | Received a gift from Nemelex Xobeh
  5426 | D        | Noticed a storm dragon
  5443 | D        | Killed Nikola
  5452 | D        | Killed a storm dragon
  5452 | D        | Reached skill level 10 in Transmutations
  5608 | D        | Noticed an Executioner
  5609 | D        | Noticed a yellow draconian knight
  5630 | D        | Reached skill level 10 in Earth Magic
  5635 | D        | HP: 3/84 [soul eater/drain life (3)]
  5636 | D        | Killed an Executioner
  5774 | D        | Received a gift from Nemelex Xobeh
  5790 | D        | Received a gift from Nemelex Xobeh
  5791 | D        | Found the +10 morningstar "Eos" {elec, Halo rElec}
  5793 | D        | Noticed a fire dragon
  5800 | D        | Killed a fire dragon
  5931 | D        | Noticed a deep elf demonologist
  5936 | D        | Noticed a deep elf demonologist
  5937 | D        | Killed a deep elf demonologist
  5940 | D        | Killed a deep elf demonologist
  5941 | D        | Identified the ring of Myxzim {EV+2 Int+5}
  6044 | D        | Received a gift from Nemelex Xobeh
  6150 | D        | Reached skill level 15 in Transmutations
  6150 | D        | Reached XP level 14. HP: 69/69 MP: 26/26
  6179 | D        | Received a gift from Nemelex Xobeh
  6179 | D        | Received a gift from Nemelex Xobeh
  6204 | D        | Noticed Chuck
  6231 | D        | Killed Chuck
  6237 | D        | Learned a level 1 spell: Apportation
  6240 | D        | Identified the Disquisition on Ashen Intoxication
  6241 | D        | Got an ancient lapis lazuli ring
  6251 | D        | Received a gift from Nemelex Xobeh
  6252 | D        | Noticed Sojobo
  6257 | D        | Killed Sojobo
  6269 | D        | Received a gift from Nemelex Xobeh
  6275 | D        | Noticed a lich
  6278 | D        | Killed a lich
  6285 | D        | Noticed a shadow dragon
  6285 | D        | Noticed a shadow dragon
  6289 | D        | Reached skill level 15 in Fighting
  6317 | D        | Killed a shadow dragon
  6319 | D        | Killed a shadow dragon
  6340 | D        | Received a gift from Nemelex Xobeh
  6372 | D        | Noticed a shadow dragon
  6372 | D        | Noticed a frost giant
  6372 | D        | Noticed a quicksilver dragon
  6372 | D        | Noticed a fire giant
  6372 | D        | Noticed a stone giant
  6372 | D        | Noticed a shadow dragon
  6372 | D        | Noticed a stone giant
  6425 | D        | Killed a stone giant
  6494 | D        | Killed a frost giant
  6512 | D        | Noticed a titan
  6521 | D        | Killed a titan
  6539 | D        | Received a gift from Nemelex Xobeh
  6539 | D        | Identified the ring "Jauggyth" {*Corrode rElec AC+3 Str+2
                  | Dex+4}
  6542 | D        | Noticed an emperor scorpion
  6542 | D        | a vault guard changed into an emperor scorpion
  6542 | D        | Noticed a quicksilver dragon
  6542 | D        | a fire giant changed into a quicksilver dragon
  6542 | D        | Noticed a frost giant
  6542 | D        | a stone giant changed into a frost giant
  6542 | D        | a shadow dragon changed into an iron troll
  6542 | D        | Noticed a fire giant
  6542 | D        | a shadow dragon changed into a fire giant
  6542 | D        | Identified the ring "Nyarach" {rCorr Int+3}
  6546 | D        | Killed a quicksilver dragon
  6546 | D        | Reached XP level 15. HP: 56/80 MP: 27/27
  6549 | D        | Killed a frost giant
  6549 | D        | Killed a fire giant
  6550 | D        | Killed a quicksilver dragon
  6564 | D        | Received a gift from Nemelex Xobeh
  6569 | D        | Got a silver rune of Zot
  6683 | D        | Received a gift from Nemelex Xobeh
  6930 | D        | Noticed Azrael
  6933 | D        | Killed Azrael
  7013 | D        | Noticed a deep elf master archer
  7020 | D        | Killed a deep elf master archer
  7044 | D        | Identified the Collected Works on Dislocation and Poisoning
  7053 | D        | Identified the ring "Qeggyeth" {Ice +Fly SInv} (You found
                  | it in the Dungeon)
  7214 | D        | Bought an uncursed amulet of magic regeneration for 390
                  | gold pieces
  7379 | D        | Received a gift from Nemelex Xobeh
  7416 | D        | Noticed a lich
  7425 | D        | Killed a lich
  7438 | D        | Noticed a sphinx
  7438 | D        | Noticed a sphinx
  7446 | D        | Killed a sphinx
  7451 | D        | Killed a sphinx
  7461 | D        | Received a gift from Nemelex Xobeh
  7561 | D        | Received a gift from Nemelex Xobeh
  7612 | D        | Reached XP level 16. HP: 83/88 MP: 29/29
  7662 | D        | Noticed a greater mummy
  7662 | D        | Identified the cursed +1 leather armour "Duttowat" {rElec
                  | rC+}
  7662 | D        | Noticed a greater mummy
  7668 | D        | Reached skill level 15 in Evocations
  7684 | D        | Killed a greater mummy
  7693 | D        | Killed a greater mummy
  7708 | D        | Got a golden rune of Zot
  7842 | D        | Bought a Necronomicon for 1545 gold pieces
  7842 | D        | Bought a book of Spatial Translocations for 910 gold pieces
  7851 | D        | Learned a level 8 spell: Borgnjor's Revivification
  7894 | D        | Reached skill level 10 in Spellcasting
  7918 | D        | Received a gift from Nemelex Xobeh
  7955 | D        | HP: 1/114 [yellow draconian knight/shard of ice (36)]
  7955 | D        | Killed from afar by a yellow draconian knight
  7956 | D        | Reached XP level 15. HP: -21/109 MP: 29/40
  7962 | D        | Killed a yellow draconian knight
  8001 | D        | Received a gift from Nemelex Xobeh
  8010 | D        | Noticed Geryon
  8011 | D        | Received a gift from Nemelex Xobeh
  8164 | D        | Identified the +1 long sword "Wusagg" {flame, rC+++ Str+4
                  | Dex-4 Stlth+}
  8181 | D        | Killed Geryon
  8293 | D        | Received a gift from Nemelex Xobeh
  8306 | D        | Noticed an iron giant
  8315 | D        | HP: 3/109 [iron giant/iron shot (55)]
  8340 | D        | Killed an iron giant
  8340 | D        | Reached skill level 15 in Necromancy
  8384 | D        | Reached skill level 10 in Charms
  8429 | D        | Killed Mennas
  8508 | D        | Bought a book of the Warp for 1080 gold pieces
  8526 | D        | Learned a level 8 spell: Controlled Blink
  8596 | D        | Received a gift from Nemelex Xobeh
  8611 | D        | Noticed a greater mummy
  8628 | D        | Killed a greater mummy
  8674 | D        | Noticed Gloorx Vloq
  8675 | D        | Noticed a greater mummy
  8677 | D        | Killed a greater mummy
  8677 | D        | Reached XP level 16. HP: 68/88 MP: 34/34
  8680 | D        | Noticed an Executioner
  8680 | D        | Noticed an Executioner
  8685 | D        | Noticed an Executioner
  8685 | D        | Noticed an Executioner
  8685 | D        | Noticed an Executioner
  8697 | D        | Killed Gloorx Vloq
  8698 | D        | right in the balls
  8752 | D        | Noticed a greater mummy
  8754 | D        | Noticed a greater mummy
  8755 | D        | Killed a greater mummy
  8757 | D        | Killed a greater mummy
  8768 | D        | Noticed a greater mummy
  8770 | D        | Killed a greater mummy
  8788 | D        | Received a gift from Nemelex Xobeh
  8788 | D        | Noticed a greater mummy
  8805 | D        | Killed a greater mummy
  8859 | D        | Received a gift from Nemelex Xobeh
  8970 | D        | Noticed a greater mummy
  8986 | D        | Killed a greater mummy
  9039 | D        | Noticed a greater mummy
  9057 | D        | Killed a greater mummy
  9057 | D        | Reached XP level 17. HP: 86/91 MP: 35/35
  9061 | D        | Noticed Murray
  9130 | D        | Killed Murray
  9137 | D        | Got a bone rune of Zot
  9211 | D        | Bought an uncursed ring of protection from cold for 350
                  | gold pieces
  9323 | D        | Received a gift from Nemelex Xobeh
  9327 | D        | Noticed an acid blob
  9327 | D        | Noticed an acid blob
  9343 | D        | Killed an acid blob
  9347 | D        | Killed an acid blob
  9349 | D        | Noticed the Royal Jelly
  9357 | D        | Noticed an acid blob
  9364 | D        | Killed an acid blob
  9367 | D        | Noticed an acid blob
  9368 | D        | HP: 5/122 [acid[the Royal Jelly] (5)]
  9370 | D        | Noticed an acid blob
  9370 | D        | Noticed an acid blob
  9371 | D        | Killed an acid blob
  9371 | D        | Killed the Royal Jelly
  9371 | D        | Killed an acid blob
  9371 | D        | Noticed an acid blob
  9371 | D        | Noticed an acid blob
  9371 | D        | Noticed an acid blob
  9385 | D        | Killed an acid blob
  9391 | D        | Killed an acid blob
  9396 | D        | Killed an acid blob
  9407 | D        | Killed an acid blob
  9453 | D        | Noticed an acid blob
  9459 | D        | Killed an acid blob
  9483 | D        | Got a slimy rune of Zot
  9689 | D        | Received a gift from Nemelex Xobeh
  9695 | D        | Noticed a Hell Sentinel
  9702 | D        | Killed a Hell Sentinel
  9791 | D        | Noticed a Hell Sentinel
  9791 | D        | Identified the +4 staff of Dispater
  9791 | D        | Noticed Dispater
  9792 | D        | Noticed a Hell Sentinel
  9795 | D        | Killed a Hell Sentinel
  9796 | D        | Killed a Hell Sentinel
  9798 | D        | Killed Dispater
  9803 | D        | Identified the Collected Works on the Congealing Rocks
  9806 | D        | Got an iron rune of Zot
  9837 | D        | Received a gift from Nemelex Xobeh
  9837 | D        | Noticed the Serpent of Hell
  9838 | D        | Noticed a Brimstone Fiend
  9920 | D        | Bought a wand of paralysis (8) for 100 gold pieces
  9920 | D        | Bought a wand of scattershot (5) for 270 gold pieces
  9947 | D        | Bought a wand of iceblast (7) for 143 gold pieces
  9947 | D        | Bought a scroll of fog for 26 gold pieces
  9947 | D        | Bought a potion of magic for 104 gold pieces
  9947 | D        | Bought a potion of curing for 39 gold pieces
  9953 | D        | Bought a potion of cancellation for 104 gold pieces
  9953 | D        | Bought a potion of agility for 52 gold pieces
  9954 | D        | Bought a potion of heal wounds for 55 gold pieces
  9954 | D        | Bought a potion of agility for 44 gold pieces
  9954 | D        | Bought a potion of haste for 110 gold pieces
  9954 | D        | Bought a potion of agility for 44 gold pieces
  9954 | D        | Bought a potion of heal wounds for 55 gold pieces
  9954 | D        | Bought a potion of brilliance for 44 gold pieces
  9954 | D        | Bought a potion of invisibility for 88 gold pieces
  9954 | D        | Bought a potion of haste for 110 gold pieces
  9999 | D        | Killed a Brimstone Fiend
 10025 | D        | Received a gift from Nemelex Xobeh
 10036 | D        | Killed the Serpent of Hell
 10048 | D        | Got an obsidian rune of Zot
 10085 | D        | Noticed an Ice Fiend
 10093 | D        | Killed an Ice Fiend
 10093 | D        | Reached XP level 18. HP: 101/101 MP: 30/37
 10100 | D        | Noticed an Ice Fiend
 10102 | D        | Killed an Ice Fiend
 10102 | D        | Reached skill level 15 in Spellcasting
 10117 | D        | Noticed Antaeus
 10123 | D        | Killed Antaeus
 10126 | D        | Got an icy rune of Zot
 10138 | D        | Noticed an Ice Fiend
 10140 | D        | Killed an Ice Fiend
 10149 | D        | Received a gift from Nemelex Xobeh
 10149 | D        | Noticed an Ice Fiend
 10151 | D        | Killed an Ice Fiend
 10161 | D        | Noticed an Ice Fiend
 10163 | D        | Killed an Ice Fiend
 10222 | D        | Noticed Nessos
 10226 | D        | Received a gift from Nemelex Xobeh
 10230 | D        | Killed Nessos
 10253 | D        | Learned a level 7 spell: Malign Gateway
 10315 | D        | Received a gift from Nemelex Xobeh
 10316 | D        | Noticed a Killer Klown
 10327 | D        | Killed a Killer Klown
 10338 | D        | Received a gift from Nemelex Xobeh
 10338 | D        | Noticed an Orb Guardian
 10338 | D        | Noticed an Orb Guardian
 10344 | D        | Killed an Orb Guardian
 10352 | D        | Reached skill level 10 in Summonings
 10357 | D        | Killed an Orb Guardian
 10380 | D        | Noticed an ancient lich
 10385 | D        | Killed an ancient lich
 10385 | D        | Reached skill level 15 in Summonings
 10391 | D        | Received a gift from Nemelex Xobeh
 10409 | D        | Reached skill level 27 in Stealth
 10433 | D        | Received a gift from Nemelex Xobeh
 10444 | D        | Identified the +4 dragonskin cloak
 10444 | D        | Noticed Tiamat
 10516 | D        | Killed Tiamat
 10682 | D        | Noticed an orb of fire
 10788 | D        | Bought a scroll of magic mapping for 38 gold pieces
 10788 | D        | Bought a scroll of fog for 22 gold pieces
 10894 | D        | Noticed Nellie
 10924 | D        | Killed Nellie
 10966 | D        | Got a demonic rune of Zot
 11188 | D        | Gained mutation: Your body sometimes deteriorates upon
                  | taking damage. [an orb of fire]
 11191 | D        | Gained mutation: You are frail. (-10% HP) [an orb of fire]
 11198 | D        | Killed an orb of fire
 11206 | D        | Got the Orb of Zot
 11220 | D        | Gained mutation: You expend magic power (3 MP) to
                  | strengthen your wands. [mutagenic glow]
 11236 | D        | Noticed Futwon the pandemonium lord
 11256 | D        | Killed Futwon the pandemonium lord
 11256 | D        | Reached skill level 27 in Dodging
 11256 | D        | Reached XP level 19. HP: 80/98 MP: 36/45
 11278 | D        | Noticed Mojareics the pandemonium lord
 11285 | D        | Killed Mojareics the pandemonium lord
 11312 | D        | Gained mutation: You occasionally shout uncontrollably at
                  | your foes. [mutagenic glow]
 11319 | D        | Noticed Nier the pandemonium lord
 11382 | D        | Gained mutation: Your body often deteriorates upon taking
                  | damage. [mutagenic glow]
 11477 | D        | Escaped with the Orb!

Levels and vault maps discovered:
D:        dungeon_sprint_mu [sprint_mu_entry_forest, sprint_mu_temple_rooms,
          sprint_mu_d1_horrors, sprint_mu_d2_genie, sprint_mu_d3_branching,
          sprint_mu_orc_legion, sprint_mu_elf_gauntlet, sprint_mu_hive_nellie,
          sprint_mu_lair_fedhas, sprint_mu_vaults_butterflies,
          sprint_mu_slime_circle, sprint_mu_shoals_kraken,
          sprint_mu_snake_twists, sprint_mu_blade_basic,
          sprint_mu_crypt_fortress, sprint_mu_tomb_spiral,
          sprint_mu_vestibule_basic, sprint_mu_gehenna_hellfire,
          sprint_mu_dis_giant, sprint_mu_tartarus_statrot,
          sprint_mu_cocytus_islands, sprint_mu_zot1]

Skill      XL: |  1  2  3  4  5  6  7  8  9 10 11 12 13 14 15 16 17 18 19 |
---------------+----------------------------------------------------------+-----
Spellcasting   | 5 13 11 14 21 | 21.1
Necromancy     | 6 8 11 17 24 | 24.8
Stealth        | 4 9 11 13 15 17 18 20 23 24 26 27 | 27.0
Unarmed Combat | 1 6 8 9 10 11 12 16 19 22 24 25 | 25.6
Invocations    | 5 8 10 11 15 16 17 21 22 23 | 23.2
Dodging        | 9 11 14 16 19 22 26 27 | 27.0
Fighting       | 6 8 11 12 17 20 22 25 | 25.3
Charms         | 6 11 | 11.8
Evocations     | 9 10 14 16 18 19 | 19.2
Translocations | 10 17 23 | 23.5
Transmutations | 8 15 | 15.4
Earth Magic    | 7 13 | 13.3
Summonings     | 15 | 15.4

Action                   |  1- 3 |  4- 6 |  7- 9 | 10-12 | 13-15 | 16-18 | 19-21 || total
-------------------------+-------+-------+-------+-------+-------+-------+-------++-------
Melee: Unarmed           |     3 |     4 |    65 |   281 |   513 |   408 |    25 ||  1299
       Bite              |     1 |       |     3 |    28 |    80 |    43 |     2 ||   157
       Punch             |       |       |     6 |    16 |    50 |    42 |     2 ||   116
 Cast: Pain              |    18 |     8 |    13 |    23 |       |       |       ||    62
       Animate Skeleton  |     2 |     1 |       |    15 |    18 |     2 |       ||    38
       Vampiric Draining |       |     3 |     4 |    57 |     8 |     3 |       ||    75
       Regeneration      |       |       |     2 |    32 |    49 |    44 |     4 ||   131
       Gell's Gravitas   |       |       |       |     7 |       |       |       ||     7
       Animate Dead      |       |       |       |     1 |     4 |       |       ||     5
       Statue Form       |       |       |       |       |    22 |    24 |     2 ||    48
       Apportation       |       |       |       |       |     5 |     4 |       ||     9
       Controlled Blink  |       |       |       |       |       |    14 |       ||    14
       Malign Gateway    |       |       |       |       |       |     1 |       ||     1
Invok: Stack Five        |       |       |       |     1 |       |       |       ||     1
       Deal Four         |       |       |       |       |     5 |     3 |       ||     8
 Abil: Draw Destruction  |       |       |     4 |    64 |    18 |    17 |       ||   103
       Draw Summoning    |       |       |     2 |     6 |    15 |     8 |     2 ||    33
       Blink             |       |       |       |     5 |     6 |     6 |       ||    17
       Draw Escape       |       |       |       |     2 |       |       |       ||     2
       Evoke Flight      |       |       |       |       |     5 |     1 |       ||     6
       Stop Flying       |       |       |       |       |     2 |       |       ||     2
       Draw Stack        |       |       |       |       |     1 |     1 |       ||     2
       End Transformatio |       |       |       |       |     1 |       |       ||     1
       Evoke Blink       |       |       |       |       |     1 |       |       ||     1
Evoke: Lightning rod     |       |       |       |    29 |    25 |     9 |       ||    63
       Wand              |       |       |       |    11 |    22 |     9 |       ||    42
       Lamp of fire      |       |       |       |       |     2 |     4 |       ||     6
       Horn of Geryon    |       |       |       |       |       |     2 |       ||     2
       Phial of floods   |       |       |       |       |       |     3 |       ||     3
       Sack of spiders   |       |       |       |       |       |     1 |       ||     1
  Use: Potion            |     1 |       |     1 |     2 |     1 |    12 |     1 ||    18
       Scroll            |       |       |     3 |     1 |     6 |     7 |       ||    17
 Stab: Sleeping          |     2 |     4 |     7 |    27 |    31 |    16 |       ||    87
       Distracted        |       |       |     2 |     2 |     8 |     7 |     2 ||    21
       Petrifying        |       |       |       |     3 |       |       |       ||     3
       Petrified         |       |       |       |     1 |     1 |     3 |       ||     5
  Eat: Chunk             |     3 |     5 |     2 |    17 |    21 |    24 |       ||    72
       Ration            |       |       |       |       |     1 |     4 |       ||     5
Armor: Skin              |       |       |     5 |    16 |   108 |   106 |     1 ||   236
Dodge: Dodged            |       |     3 |    36 |   354 |   865 |   742 |    18 ||  2018

Table legend:
 A = Non-vault XP
 B = Vault XP
 C = Vault XP percentage of total XP
 D = Non-vault monster count
 E = Vault monster count
 F = Vault count percentage of total count
                 A         B        C        D         E       F
            +---------+---------+-------+---------+---------+-------
      Total |    3624 |  461558 |  99.2 |       5 |     434 |  98.9
            +---------+---------+-------+---------+---------+-------
          D |    3624 |  461558 |  99.2 |       5 |     434 |  98.9
            +---------+---------+-------+---------+---------+-------
